 Dungeon Crawl Stone Soup version 0.19.4-9-g45fd643 (webtiles) character file.

70 oplop the Chiller (level 4, -1/28 HPs)
             Began as an Octopode Ice Elementalist on Feb 22, 2017.
             Killed by divine providence
             ... invoked by an orc priest
              (16 damage)
             ... on level 4 of the Dungeon.
             The game lasted 00:02:12 (1926 turns).

oplop the Chiller (Octopode Ice Elementalist)       Turns: 1926, Time: 00:02:12

Health: -1/28      AC:  1    Str:  7    XL:     4   Next: 21%
Magic:  5/7        EV: 13    Int: 18    God:
Gold:   120        SH:  0    Dex: 12    Spells: 1 memorised, 7 levels left

rFire  . . .     SeeInvis .     (no weapon)
rCold  . . .     Gourm    .     (no shield)
rNeg   . . .     Faith    .     (helmet restricted)
rPois  .         Spirit   .     (no amulet)
rElec  .         Reflect  .     (no ring)
rCorr  .         Harm     .     (no ring)
MR     .....                    (no ring)
Stlth  +++.......               (no ring)
                                (no ring)
                                (no ring)
                                (no ring)
                                (no ring)

@: no status effects
A: almost no armour, stealthy swim, amphibious, 8 rings, constrict 8, camouflage
1, gelatinous body 1
a: no special abilities


You were on level 4 of the Dungeon.
You were not hungry.

You visited 1 branch of the dungeon, and saw 4 of its levels.

You collected 120 gold pieces.

Inventory:

Jewellery
 l - a cursed -2 ring of slaying {unknown}
Scrolls
 e - 6 scrolls of identify {unknown}
 g - 3 scrolls of enchant armour {unknown}
 h - 2 scrolls of amnesia {unknown}
 j - a scroll of recharging {unknown}
 o - a scroll of teleportation {unknown}
Potions
 c - a potion of haste {unknown}
 d - a potion of invisibility {unknown}
 f - a potion of brilliance {unknown}
 i - a potion of ambrosia {unknown}
 k - 2 potions of mutation {unknown}
 m - a potion of degeneration {unknown}
Books
 a - a book of Frost

   Spells                             Type                      Level
   a - Freeze                         Ice                          1
   b - Throw Frost                    Conjuration/Ice              2
   c - Ozocubu's Armour               Charms/Ice                   3
   d - Throw Icicle                   Conjuration/Ice              4
   e - Summon Ice Beast               Ice/Summoning                4
Comestibles
 b - 2 bread rations
 n - a royal jelly
 p - 2 chunks of flesh


   Skills:
 + Level 1.6 Fighting
 + Level 2.3 Dodging
 - Level 2.6 Stealth
 + Level 2.5 Spellcasting
   Level 1.0 Conjurations
 * Level 3.9 Ice Magic


You had 7 spell levels left.
You knew the following spells:

 Your Spells              Type           Power        Failure   Level  Hunger
a - Freeze                Ice            ###.         3%          1    #......


Dungeon Overview and Level Annotations

Branches:
Dungeon (4/15)
 Temple: D:4-7

Altars:
Gozag
Zin


Innate Abilities, Weirdness & Mutations

You cannot wear most types of armour.
You are very stealthy in the water. (Stealth+)
You are amphibious.
You can wear up to eight rings at the same time.
You can use your tentacles to constrict eight enemies at once.
Your skin changes colour to match your surroundings (Stealth+).
Your rubbery body absorbs attacks. (AC +1, EV +1)


Message History

Confirm with . or Enter, or press ? or * to list all spells.
Aiming: Freeze
Press: ? - help, Shift-Dir - straight line, f - orc
Aim: an orc, wearing a chain mail (moderately wounded, constricted by you)
You freeze the orc.
The orc is heavily wounded.
You constrict the orc. The orc completely misses you.
The orc priest mumbles some strange prayers to Beogh against you.
Beogh smites you!
Casting: Freeze
Confirm with . or Enter, or press ? or * to list all spells.
Aiming: Freeze
Press: ? - help, Shift-Dir - straight line, f/p - orc
Aim: an orc, wearing a chain mail (severely wounded, constricted by you)
You freeze the orc.
You kill the orc!
The orc priest mumbles some strange prayers to Beogh against you.
Beogh smites you!
Ouch! That really hurt!
You die...

###
...
#o#
#.#
#.#
#o#
#@#
###


You could see an orc priest and an orc.

Vanquished Creatures
  An adder (D:3)
  An ooze (D:1)
  A worm (D:3)
  2 dart slugs
  2 leopard geckos (D:2)
  An orc (D:4)
  7 bats
  5 giant cockroaches
  5 hobgoblins
  3 jackals (D:1)
  4 kobolds
  4 frilled lizards
  4 goblins (D:1)
  4 rats
44 creatures vanquished.

Notes
Turn   | Place    | Note
-------+----------+-------------------------------------------
     0 | D:1      | oplop the Octopode Ice Elementalist began the quest for the Orb.
     0 | D:1      | Reached XP level 1. HP: 11/11 MP: 3/3
    34 | D:1      | Reached XP level 2. HP: 14/18 MP: 0/5
   215 | D:1      | Reached skill level 1 in Fighting
   263 | D:1      | Reached XP level 3. HP: 9/23 MP: 0/6
   671 | D:2      | Found a faded altar of an unknown god.
  1021 | D:2      | Found an opulent altar of Gozag.
  1277 | D:3      | Found a glowing silver altar of Zin.
  1673 | D:3      | Reached XP level 4. HP: 16/28 MP: 2/7
  1926 | D:4      | Killed from afar by an orc priest

Skill      XL: |  1  2 |
---------------+-------+-----
Fighting       | 1 |  1.6
Dodging        | |  2.3
Stealth        | |  2.6
Spellcasting   | |  2.5
Conjurations   | |  1.0
Ice Magic      | |  3.9

Action                   |  1- 3 |  4- 6 || total
-------------------------+-------+-------++-------
Melee: Unarmed           |   102 |     5 ||   107
       Tentacles         |    17 |       ||    17
       Constrict         |    30 |     1 ||    31
 Cast: Freeze            |    16 |     6 ||    22
 Stab: Sleeping          |    13 |     1 ||    14
       Distracted        |     1 |       ||     1
  Eat: Chunk             |     3 |       ||     3
Armor: Skin              |    12 |     1 ||    13
Dodge: Dodged            |    73 |     5 ||    78
